[Event "Titled Tuesday Blitz November 29 Early 2022"]
[White "Fabris, Alberto"]
[Black "Malyi, Viacheslav"]
[WhiteFideId "801348"]
[BlackFideId "14123983"]
[WhiteElo "2139"]
[BlackElo "2291"]
[Result "0-1"]
[Round "01"]
[TimeControl "180+1"]
[Date "2022.11.30"]
[WhiteClock "0:00:01"]
[BlackClock "0:00:16"]

1. d4 d5 2. Nf3 Nf6 3. Bf4 e6 4. e3 c5 5. c3 Bd6 6. Bd3 Nc6 7. O-O O-O 8. Nbd2 b6 9. Ne5 Bxe5 10. Bxe5 Nxe5 11. dxe5 Nd7 12. f4 f5 13. Nf3 h6 14. c4 Bb7 15. Qb3 Qe7 16. cxd5 Bxd5 17. Bc4 b5 18. Bxd5 exd5 19. Qxd5+ Kh7 20. Rfd1 Nb6 21. Qd6 Qf7 22. b3 c4 23. e6 Qh5 24. Qc5 Rac8 25. Qxb5 c3 26. Rac1 Qg6 27. e7 Rfe8 28. Nh4 Qc6 29. Qxf5+ Kg8 30. Ng6 Qc7 31. Qe6+ Kh7 32. Rd3 c2 33. Rd2 Qb7 34. Rdxc2 Rxc2 35. Rxc2 Nc8 36. f5 Nxe7 37. Nxe7 Rxe7 38. Qg6+ Kg8 39. f6 Rf7 40. fxg7 Rxg7 41. Qe8+ Kh7 42. g3 Qf3 43. Rc1 Rf7 44. Qc6 Qf2+ 45. Kh1 Qe2 46. Rg1 Rf2 47. Qe4+ Kg7 48. Qe5+ Kg8 49. Qe6+ Kg7 50. Qe5+ Kg8 51. Qe8+ Kg7 52. Qd7+ Rf7 53. Qd4+ Kg8 54. Qe4 Rf2 55. Qg6+ Kf8 56. Qxh6+ Ke7 0-1


[Site "https://www.chess.com"]

[Event "Titled Tuesday Blitz November 29 Early 2022"]
[White "Fecker, Noah"]
[Black "Vargas, Mauricio"]
[WhiteFideId "1334263"]
[BlackFideId "4404572"]
[WhiteElo "2291"]
[BlackElo "2025"]
[Result "1-0"]
[Round "01"]
[TimeControl "180+1"]
[Date "2022.11.30"]
[WhiteClock "0:00:54"]
[BlackClock "0:00:02"]

1. d4 d5 2. c4 c6 3. Nf3 e6 4. Nc3 dxc4 5. a4 Bb4 6. e3 b5 7. Bd2 Bxc3 8. Bxc3 a6 9. b3 cxb3 10. axb5 cxb5 11. Bxb5+ Bd7 12. Bc4 b2 13. Bxb2 Qb6 14. Ba3 Ne7 15. O-O Nbc6 16. Bc5 Qc7 17. Rxa6 Rxa6 18. Bxa6 O-O 19. Qd3 Ra8 20. h3 h6 21. Rc1 Nd5 22. Bb5 Qa5 23. Bxc6 Bxc6 24. Ne5 Bb5 25. Qe4 Be2 26. Qc2 Bb5 27. Kh2 f6 28. Nc4 Qc7+ 29. Kg1 e5 30. Qb3 Bc6 31. Nb6 Rb8 32. Nxd5 Rxb3 33. Nxc7 exd4 34. Bxd4 Be4 35. Ne6 Ra3 36. Rc7 Ra2 37. Rxg7+ Kh8 38. Bxf6 Ra6 39. Rg6+ Kh7 40. Nf8# 1-0


[Site "https://www.chess.com"]

[Event "Titled Tuesday Blitz November 29 Early 2022"]
[White "Fedoseev, Vladimir"]
[Black "Petrovic, Aleksa"]
[WhiteFideId "24130737"]
[BlackFideId "967629"]
[WhiteElo "2726"]
[BlackElo "2224"]
[Result "1-0"]
[Round "01"]
[TimeControl "180+1"]
[Date "2022.11.30"]
[WhiteClock "0:00:04"]
[BlackClock "0:00:04"]

1. Nf3 Nf6 2. g3 d5 3. Bg2 c6 4. O-O Bg4 5. d4 e6 6. c4 Be7 7. Qb3 Qb6 8. Nc3 O-O 9. h3 Bf5 10. c5 Qc7 11. Bf4 Qc8 12. Nh4 Bg6 13. Nxg6 hxg6 14. h4 Nbd7 15. Rac1 Bd8 16. e3 Bc7 17. Qd1 e5 18. dxe5 Bxe5 19. b4 a5 20. b5 Bxf4 21. exf4 Nxc5 22. bxc6 bxc6 23. Qd2 Qc7 24. Rfd1 Rfd8 25. Qc2 Nfd7 26. Bh3 Qa7 27. Ne2 Ne4 28. Nd4 Rac8 29. f5 gxf5 30. Bxf5 c5 31. Nb5 Qb6 32. Bxe4 dxe4 33. Nd6 Rb8 34. Nxe4 Nf6 35. Nxf6+ Qxf6 36. Qxc5 Rxd1+ 37. Rxd1 Rb2 38. a4 Qf3 39. Qd4 Rb4 40. Qd7 Rg4 41. Rd3 Qe4 42. Re3 Qxa4 43. Re8+ Kh7 44. Qf5+ Rg6 45. Re5 Qd1+ 46. Kg2 Qg4 47. Qxf7 Qxh4 48. Qxg6+ Kxg6 49. gxh4 1-0


[Site "https://www.chess.com"]

[Event "Titled Tuesday Blitz November 29 Early 2022"]
[White "Fernandez De La Vara, Arnaldo"]
[Black "Ciuffoletti, Paolo"]
[WhiteFideId "3518388"]
[BlackFideId "807630"]
[WhiteElo "2387"]
[BlackElo "2143"]
[Result "1-0"]
[Round "01"]
[TimeControl "180+1"]
[Date "2022.11.30"]
[WhiteClock "0:00:32"]
[BlackClock "0:00:03"]

1. Nf3 d5 2. g3 Nf6 3. Bg2 g6 4. b3 Bg7 5. Bb2 O-O 6. c4 c5 7. cxd5 Nxd5 8. Bxg7 Kxg7 9. O-O Nc6 10. d4 cxd4 11. Nxd4 e5 12. Nxc6 bxc6 13. Qc2 Qb6 14. Nd2 Ba6 15. Nc4 Bxc4 16. Qxc4 Rfd8 17. Rac1 Rac8 18. Rfd1 Ne7 19. h4 Rxd1+ 20. Rxd1 Rd8 21. Rxd8 Qxd8 22. Qc5 f6 23. Qxa7 Kh8 24. Kh2 Nf5 25. Bxc6 Qd2 26. Qf7 Qd6 27. Bd5 Nh6 28. Qb7 Ng4+ 29. Kg2 1-0


[Site "https://www.chess.com"]

[Event "Titled Tuesday Blitz November 29 Early 2022"]
[White "Fernandez Hernandez, Gerardo"]
[Black "Migot, Tangi"]
[WhiteFideId "2207400"]
[BlackFideId "662445"]
[WhiteElo "2221"]
[BlackElo "2578"]
[Result "0-1"]
[Round "01"]
[TimeControl "180+1"]
[Date "2022.11.30"]
[WhiteClock "0:00:01"]
[BlackClock "0:00:35"]

1. e4 Nf6 2. e5 Nd5 3. c4 Nb6 4. d4 d6 5. exd6 cxd6 6. Nc3 g6 7. Be3 Bg7 8. Rc1 O-O 9. b3 Bf5 10. Nf3 d5 11. c5 Nc8 12. Bd3 e6 13. Bxf5 exf5 14. O-O Re8 15. Qd2 Ne7 16. Nb5 Nc8 17. Bf4 Na6 18. Be5 f6 19. Bd6 Qd7 20. a4 Re4 21. Ne1 Nxd6 22. Nxd6 Re6 23. Nd3 Bf8 24. Nb5 g5 25. Rfe1 Re4 26. f3 Rxe1+ 27. Rxe1 Nb8 28. Qe2 a6 29. Nc3 Nc6 30. Qe6+ Qxe6 31. Rxe6 Kf7 32. Re1 Nxd4 33. Nxd5 Nxb3 34. Nc7 Rc8 35. Ne6 Nxc5 36. Ndxc5 Bxc5+ 0-1


[Site "https://www.chess.com"]

[Event "Titled Tuesday Blitz November 29 Early 2022"]
[White "Fernandez Siles, Luis"]
[Black "Sharifov, Mekhriddin"]
[WhiteFideId "2209420"]
[BlackFideId "14701545"]
[WhiteElo "2186"]
[BlackElo "2109"]
[Result "1-0"]
[Round "01"]
[TimeControl "180+1"]
[Date "2022.11.30"]
[WhiteClock "0:00:33"]
[BlackClock "0:00:16"]

1. d4 Nf6 2. c4 c6 3. Nc3 d5 4. cxd5 cxd5 5. Bf4 Nc6 6. e3 Bf5 7. Qb3 Qb6 8. Qxb6 axb6 9. Bb5 e6 10. Nf3 Bb4 11. O-O O-O 12. Rfc1 Rfc8 13. a3 Bxc3 14. Rxc3 Ne4 15. Rcc1 Na5 16. Rc7 Nb3 17. Rd1 Rxc7 18. Bxc7 Rc8 19. Ba4 Rxc7 20. Bxb3 f6 21. Nd2 Nxd2 22. Rxd2 Rc1+ 23. Rd1 Rxd1+ 24. Bxd1 Kf7 25. f3 e5 26. Bb3 Be6 27. Kf2 Ke7 28. Ke2 Kd6 29. Kd3 Bd7 30. dxe5+ fxe5 31. f4 Bb5+ 32. Kd2 Bf1 33. g3 Bg2 34. Bc2 h6 35. b4 Bf3 36. Kc3 Bg2 37. Bd1 Bf1 38. Bb3 Bb5 39. Bc2 Bf1 40. Bb3 Bh3 41. Bc2 Bg4 42. Bb3 Bf3 43. Bc2 g5 44. fxg5 hxg5 45. h4 g4 46. Bg6 Ke7 47. a4 Kf6 48. Be8 Bd1 49. a5 bxa5 50. bxa5 Be2 51. Kb4 Ba6 52. Kc5 d4 53. exd4 e4 54. Ba4 Be2 55. Bc2 e3 56. d5 Ke7 57. d6+ Kd8 58. h5 Bf3 59. Bd3 Be4 60. Be2 Bf3 61. h6 Be4 62. Bxg4 Bh7 63. Be2 Bg6 64. Bg4 Bh7 65. Kd4 e2 66. Bxe2 Kd7 67. Kc5 Kd8 68. g4 Bg6 69. g5 Bh7 70. Bh5 b6+ 71. axb6 Kd7 72. g6 Bg8 73. h7 Be6 74. h8=Q Bg8 75. Qg7+ Ke6 76. Bg4# 1-0


[Site "https://www.chess.com"]

[Event "Titled Tuesday Blitz November 29 Early 2022"]
[White "Figorito, Nick"]
[Black "Zivkovic, Nemanja"]
[WhiteFideId "30923689"]
[BlackFideId "942154"]
[WhiteElo "2376"]
[BlackElo "2372"]
[Result "0-1"]
[Round "01"]
[TimeControl "180+1"]
[Date "2022.11.30"]
[WhiteClock "0:00:07"]
[BlackClock "0:01:00"]

1. Nf3 Nf6 2. g3 d5 3. Bg2 c6 4. O-O Bg4 5. d4 e6 6. Nbd2 Nbd7 7. b3 Bd6 8. Bb2 O-O 9. Re1 Qe7 10. e4 dxe4 11. Nxe4 Nxe4 12. Rxe4 f5 13. Re1 f4 14. Qd3 Rad8 15. a3 Bc7 16. Qc3 Qf7 17. Ng5 Qg6 18. Ne4 e5 19. Nc5 Nxc5 20. Qxc5 Be6 21. dxe5 Bb6 22. Qc3 fxg3 23. Re2 Bxf2+ 24. Kh1 Qh5 25. h3 Bxh3 26. Rxf2 Rxf2 0-1


[Site "https://www.chess.com"]

[Event "Titled Tuesday Blitz November 29 Early 2022"]
[White "Gabdrakhmanov, Azat"]
[Black "Fawzy, Adham"]
[WhiteFideId "34189197"]
[BlackFideId "10613129"]
[WhiteElo "2254"]
[BlackElo "2541"]
[Result "1-0"]
[Round "01"]
[TimeControl "180+1"]
[Date "2022.11.30"]
[WhiteClock "0:01:15"]
[BlackClock "0:00:05"]

1. e4 c5 2. Nf3 d6 3. d4 cxd4 4. Nxd4 Nf6 5. Nc3 a6 6. Be3 e5 7. Nb3 Be7 8. f3 Be6 9. Qd2 h5 10. Nd5 Bxd5 11. exd5 Nbd7 12. c4 O-O 13. Bd3 a5 14. O-O a4 15. Nc1 b6 16. Ne2 Nc5 17. Bc2 Nh7 18. b4 axb3 19. axb3 Rxa1 20. Rxa1 f5 21. b4 Nd7 22. Nc3 Bf6 23. Bxf5 e4 24. Ra7 Ne5 25. Bxe4 Nxc4 26. Bxh7+ Kh8 27. Qd3 Nxe3 28. Qxe3 Kxh7 29. Ne4 Kh8 30. Nxf6 Qxf6 31. h3 Rc8 32. Kh2 h4 33. Qe4 Rc3 34. Qe8+ Kh7 35. Qh5+ Kg8 36. Ra8+ 1-0


[Site "https://www.chess.com"]

[Event "Titled Tuesday Blitz November 29 Early 2022"]
[White "Gadimbayli, Abdulla"]
[Black "Jaskolka, Tomasz"]
[WhiteFideId "13404938"]
[BlackFideId "1170791"]
[WhiteElo "2399"]
[BlackElo "2126"]
[Result "0-1"]
[Round "01"]
[TimeControl "180+1"]
[Date "2022.11.30"]
[WhiteClock "0:00:05"]
[BlackClock "0:00:13"]

1. Nf3 d5 2. b3 Bg4 3. Bb2 Bxf3 4. exf3 e6 5. g3 Nf6 6. d4 c6 7. Bd3 Nbd7 8. Nd2 Bd6 9. f4 g6 10. Qe2 Qe7 11. Nf3 O-O-O 12. a3 Kb8 13. c4 Bc7 14. c5 Ne4 15. b4 f5 16. a4 g5 17. fxg5 Nxg5 18. Nxg5 Qxg5 19. f4 Qf6 20. b5 Ba5+ 21. Kf2 Ka8 22. Rab1 h5 23. h4 Rdg8 24. Ba1 Bc7 25. bxc6 bxc6 26. Bb5 e5 27. dxe5 Qg6 28. Rhg1 Nxc5 29. Bd3 Bb6 30. Kg2 Qxg3+ 31. Kf1 Qxg1# 0-1


[Site "https://www.chess.com"]

[Event "Titled Tuesday Blitz November 29 Early 2022"]
[White "Garagulya, Konstantin"]
[Black "Riehle, Marco"]
[WhiteFideId "4128931"]
[BlackFideId "12904392"]
[WhiteElo "2329"]
[BlackElo "2462"]
[Result "1-0"]
[Round "01"]
[TimeControl "180+1"]
[Date "2022.11.30"]
[WhiteClock "0:00:20"]
[BlackClock "0:00:30"]

1. d4 d5 2. Nf3 e6 3. c4 Nf6 4. Bg5 Be7 5. Nbd2 O-O 6. e3 Ne4 7. Bxe7 Qxe7 8. Bd3 f5 9. Qc2 c6 10. Ne5 Nd7 11. Nxd7 Bxd7 12. O-O Rf6 13. f3 Nxd2 14. Qxd2 Qd6 15. c5 Qc7 16. f4 g5 17. g3 g4 18. b4 h5 19. Kg2 Kg7 20. Rh1 h4 21. h3 Rg6 22. hxg4 Rxg4 23. Rxh4 Rxh4 24. gxh4 Rh8 25. Kh3 Be8 26. Rg1+ Kf8 27. Qg2 Bh5 28. Be2 Bxe2 29. Qxe2 Qh7 30. Qf2 Ke7 31. Qg3 Kd8 32. Qg5+ Kc8 33. Rg3 Kb8 34. Kg2 a6 35. h5 a5 36. a3 Ka7 37. Qg6 Qxh5 38. Qxh5 Rxh5 39. Rg6 Rh4 40. Rxe6 Rg4+ 41. Kf2 Rh4 42. bxa5 Rh2+ 43. Kf3 Ka6 44. Rg6 Kxa5 45. Rg7 Ka6 46. Rf7 Rh3+ 47. Kf2 Rh2+ 48. Kf3 Rh3+ 49. Kf2 Rh2+ 50. Kg3 Ra2 51. Rxf5 Rxa3 52. Re5 Ra1 53. f5 Rf1 54. Kg2 Ra1 55. f6 Ra2+ 56. Kg3 Ra1 57. Rf5 Rg1+ 58. Kf4 Rg8 59. f7 Rf8 60. Ke5 b5 61. Kd6 b4 62. Ke7 Rb8 63. f8=Q Rxf8 64. Rxf8 Ka7 65. Rf1 Ka6 66. Kd6 Kb5 67. Rb1 Kc4 68. Kxc6 1-0


[Site "https://www.chess.com"]

[Event "Titled Tuesday Blitz November 29 Early 2022"]
[White "Gareyev, Timur"]
[Black "Mika, Tomasz"]
[WhiteFideId "14200937"]
[BlackFideId "1132970"]
[WhiteElo "2552"]
[BlackElo "2126"]
[Result "1-0"]
[Round "01"]
[TimeControl "180+1"]
[Date "2022.11.30"]
[WhiteClock "0:00:35"]
[BlackClock "0:00:17"]

1. d4 d5 2. Nf3 Nf6 3. c4 dxc4 4. Nc3 a6 5. e4 b5 6. e5 Nd5 7. a4 e6 8. axb5 Bb4 9. Bd2 Nb6 10. h4 O-O 11. Rh3 Bb7 12. bxa6 Rxa6 13. Rxa6 Nxa6 14. Rg3 Kh8 15. Qb1 c5 16. Ng5 g6 17. h5 cxd4 18. Nxh7 dxc3 19. bxc3 Bc5 20. Nxf8 Bxf2+ 21. Kxf2 Qxd2+ 22. Kg1 Qd8 23. Nxg6+ fxg6 24. Qxg6 Qf8 25. Qxe6 Be4 26. Qxb6 Nc5 27. Bxc4 Bh7 28. Qf6+ Qxf6 29. exf6 1-0


[Site "https://www.chess.com"]

[Event "Titled Tuesday Blitz November 29 Early 2022"]
[White "Gatterer, Florian"]
[Black "Barria Zuniga, Daniel"]
[WhiteFideId "811688"]
[BlackFideId "3400816"]
[WhiteElo "2218"]
[BlackElo "2414"]
[Result "0-1"]
[Round "01"]
[TimeControl "180+1"]
[Date "2022.11.30"]
[WhiteClock "0:00:03"]
[BlackClock "0:00:23"]

1. c4 e6 2. Nf3 d5 3. e3 dxc4 4. Nc3 a6 5. a4 c5 6. Bxc4 Nc6 7. O-O Nf6 8. Qe2 Be7 9. d4 cxd4 10. Rd1 e5 11. exd4 exd4 12. Be3 Bg4 13. Bxd4 Nxd4 14. Bxf7+ Kf8 15. Qc4 Nxf3+ 16. gxf3 Bd7 17. Nd5 Rc8 18. Qb3 Nxd5 19. Qxd5 Qc7 20. Bh5 Be8 21. Bxe8 Rxe8 22. Qf5+ Bf6 23. Rd7 Qc4 24. Rad1 Qe6 25. Qd3 h5 26. Qg6 Rh6 27. Qd3 h4 28. h3 Qxh3 29. Qd5 Qe6 30. Qd3 Qh3 31. Qd5 Rg6+ 0-1


[Site "https://www.chess.com"]

[Event "Titled Tuesday Blitz November 29 Early 2022"]
[White "Gheorghiu, Calin"]
[Black "Xiong, Jeffery"]
[WhiteFideId "1200305"]
[BlackFideId "2047640"]
[WhiteElo "2225"]
[BlackElo "2725"]
[Result "0-1"]
[Round "01"]
[TimeControl "180+1"]
[Date "2022.11.30"]
[WhiteClock "0:00:03"]
[BlackClock "0:00:07"]

1. e4 c5 2. Nf3 d6 3. d4 cxd4 4. Nxd4 Nf6 5. Nc3 a6 6. f3 h5 7. Be3 Nbd7 8. Qd2 e6 9. O-O-O b5 10. Rg1 Bb7 11. Kb1 Rc8 12. g3 b4 13. Na4 d5 14. exd5 Nxd5 15. Bd3 Qa5 16. b3 Nc5 17. Nxe6 Nxa4 18. bxa4 fxe6 19. Bg6+ Kd7 20. f4 Bd6 21. f5 Nc3+ 22. Ka1 Bd5 23. fxe6+ Kc6 24. Qd4 Nxd1 25. Rxd1 Qc5 26. Qxg7 Qc3+ 27. Qxc3+ bxc3 28. e7 Bxe7 29. Bd3 Ra8 0-1


[Site "https://www.chess.com"]

[Event "Titled Tuesday Blitz November 29 Early 2022"]
[White "Girel, Joseph"]
[Black "Polanco Nunez, Yoel Estarling"]
[WhiteFideId "36033561"]
[BlackFideId "6401783"]
[WhiteElo "2281"]
[BlackElo "2132"]
[Result "1-0"]
[Round "01"]
[TimeControl "180+1"]
[Date "2022.11.30"]
[WhiteClock "0:01:51"]
[BlackClock "0:01:06"]

1. d4 Nf6 2. Bg5 Ne4 3. Bf4 d5 4. Nd2 Nxd2 5. Qxd2 Bf5 6. Nf3 e6 7. e3 Nd7 8. c4 c6 9. Be2 Be7 10. O-O O-O 11. Rfc1 h6 12. b4 Nf6 13. b5 Ne4 14. Qe1 a5 15. bxc6 bxc6 16. Ne5 Bb4 17. Qf1 Rc8 18. cxd5 cxd5 19. Nc6 Qd7 20. Bb5 Qb7 21. Ba6 Qb6 22. Bxc8 Bc3 23. Ne7+ Kh8 24. Rab1 Qd8 25. Nxf5 Qxc8 26. Nd6 1-0


[Site "https://www.chess.com"]

[Event "Titled Tuesday Blitz November 29 Early 2022"]
[White "Godzwon, Iwo"]
[Black "Fiedorek, Michal"]
[WhiteFideId "21802483"]
[BlackFideId "1199528"]
[WhiteElo "2284"]
[BlackElo "2201"]
[Result "0-1"]
[Round "01"]
[TimeControl "180+1"]
[Date "2022.11.30"]
[WhiteClock "0:00:33"]
[BlackClock "0:00:22"]

1. e4 c6 2. Nc3 d5 3. Nf3 dxe4 4. Nxe4 Nf6 5. Qe2 Nxe4 6. Qxe4 Nd7 7. Bc4 Nf6 8. Ne5 e6 9. Qe2 b5 10. Nxc6 Qb6 11. Bxb5 Bd7 12. Nxa7 Rxa7 13. Bxd7+ Rxd7 14. O-O Bd6 15. c3 O-O 16. d4 h6 17. Be3 Qc7 18. h3 Rc8 19. Rfc1 Nd5 20. Bd2 Nf4 21. Qf3 Rb8 22. b3 Ng6 23. c4 Ba3 24. Rc2 Rxd4 25. Be3 Rd3 26. Qe4 Rbd8 27. g3 h5 28. h4 Qd7 29. c5 f5 30. Qc4 Ne5 31. Qa6 Rd1+ 32. Rxd1 Qxd1+ 33. Kg2 Qf3+ 0-1


[Site "https://www.chess.com"]

[Event "Titled Tuesday Blitz November 29 Early 2022"]
[White "Goltsev, Dmitry"]
[Black "Forgacs, Attila Jr."]
[WhiteFideId "24176710"]
[BlackFideId "773654"]
[WhiteElo "2289"]
[BlackElo "2168"]
[Result "1-0"]
[Round "01"]
[TimeControl "180+1"]
[Date "2022.11.30"]
[WhiteClock "0:01:08"]
[BlackClock "0:00:09"]

1. e4 e5 2. Nf3 Nc6 3. Bb5 a6 4. Ba4 Nf6 5. O-O Be7 6. Re1 b5 7. Bb3 O-O 8. Nc3 d6 9. a4 Bg4 10. axb5 Nd4 11. bxa6 Qd7 12. Re3 Nh5 13. Ne2 Bxf3 14. gxf3 Qh3 15. Ng3 Nf4 16. Qf1 Qh4 17. d3 Bg5 18. Bd5 Nxd5 19. exd5 Nxc2 20. Re4 Bf4 21. Bxf4 exf4 22. Rc1 f5 23. Rc4 Qg5 24. R1xc2 fxg3 25. hxg3 f4 26. g4 h5 27. Qh3 hxg4 28. Qxg4 Qxg4+ 29. fxg4 Rxa6 30. Rxc7 Ra1+ 31. Kg2 f3+ 32. Kh2 Ra5 33. Rd7 Rxd5 34. Rcc7 Rg5 35. Kg3 d5 36. b4 Kh8 37. b5 Rb8 38. Rb7 Rxb7 39. Rxb7 d4 40. Kxf3 Re5 41. b6 Kh7 42. Rd7 Rb5 43. b7 Kg6 44. Ke4 Kg5 45. Rd5+ Rxd5 46. Kxd5 Kxg4 47. b8=Q 1-0


[Site "https://www.chess.com"]

[Event "Titled Tuesday Blitz November 29 Early 2022"]
[White "Gonzalez, Francisco Silva"]
[Black "Bacrot, Etienne"]
[WhiteFideId "1512285"]
[BlackFideId "605506"]
[WhiteElo "2159"]
[BlackElo "2666"]
[Result "0-1"]
[Round "01"]
[TimeControl "180+1"]
[Date "2022.11.30"]
[WhiteClock "0:00:42"]
[BlackClock "0:00:49"]

1. d4 d5 2. c4 c6 3. Nc3 Nf6 4. e3 Bf5 5. cxd5 cxd5 6. Qb3 Nc6 7. Qxb7 Bd7 8. Qb3 Rb8 9. Qd1 e5 10. Nge2 Bd6 11. dxe5 Nxe5 12. Nf4 O-O 13. Be2 Bc6 14. O-O Ng6 15. Bf3 Bxf4 16. exf4 Nh4 17. Re1 Ba8 18. Be3 d4 19. Bxa8 dxc3 20. Qxd8 Rfxd8 21. Bc6 cxb2 22. Rab1 a6 23. Ba7 Rb4 24. Bc5 Rc4 25. Be7 Rc8 26. Bb7 Rb8 27. Bxa6 Ra4 28. Bd6 Rb6 29. Be5 Raxa6 30. Rxb2 Rxb2 31. Bxb2 Rxa2 32. Be5 h6 33. h3 Ng6 34. Bxf6 gxf6 35. g3 Kg7 36. Rb1 Ne7 37. Rb5 Nc6 38. Rd5 Nb4 39. Kg2 Nxd5 0-1


[Site "https://www.chess.com"]

[Event "Titled Tuesday Blitz November 29 Early 2022"]
[White "Grave, Jacob Templen"]
[Black "Ohanyan, Emin"]
[WhiteFideId "1542656"]
[BlackFideId "13312022"]
[WhiteElo "2126"]
[BlackElo "2352"]
[Result "0-1"]
[Round "01"]
[TimeControl "180+1"]
[Date "2022.11.30"]
[WhiteClock "0:00:01"]
[BlackClock "0:00:24"]

1. d4 Nf6 2. c4 d6 3. Nf3 Nbd7 4. Nc3 c6 5. e4 Qc7 6. Be2 e5 7. O-O Be7 8. Be3 O-O 9. h3 h6 10. d5 a5 11. Rc1 Nc5 12. Nd2 Nh7 13. a3 Bg5 14. b4 axb4 15. axb4 Bxe3 16. fxe3 Nd7 17. Nf3 Qb6 18. Qd2 Qxb4 19. Rb1 Qc5 20. Nh4 Ra3 21. Nf5 Ndf6 22. Rbc1 Ng5 23. Nxh6+ Kh7 24. Ng4 Bxg4 25. Bxg4 Kg8 26. Bf5 g6 27. h4 gxf5 28. hxg5 Nxe4 29. Nxe4 fxe4 30. Rce1 cxd5 31. cxd5 Qc8 32. Qf2 Qg4 33. Qf6 Ra2 34. Rf2 Rxf2 35. Kxf2 Qh4+ 0-1


[Site "https://www.chess.com"]

[Event "Titled Tuesday Blitz November 29 Early 2022"]
[White "Gulevich, Artem"]
[Black "Langner, Ladislav"]
[WhiteFideId "24119580"]
[BlackFideId "300403"]
[WhiteElo "2218"]
[BlackElo "2346"]
[Result "1/2-1/2"]
[Round "01"]
[TimeControl "180+1"]
[Date "2022.11.30"]
[WhiteClock "0:00:18"]
[BlackClock "0:01:00"]

1. Nf3 Nf6 2. b3 g6 3. Bb2 Bg7 4. e3 d5 5. Be2 O-O 6. O-O c5 7. d4 Ne4 8. Nbd2 Nc6 9. c3 Nxd2 10. Qxd2 b6 11. Rfd1 e6 12. c4 dxc4 13. Bxc4 cxd4 14. Nxd4 Nxd4 15. Bxd4 Bxd4 16. Qxd4 Bb7 17. h4 Qxd4 18. Rxd4 Rfd8 19. Rad1 Rxd4 20. Rxd4 Bc6 21. Ba6 Kf8 22. Rd6 Be8 23. Kf1 Ke7 24. Rd2 Rd8 25. Rxd8 Kxd8 26. Bd3 h6 27. f4 Kc7 28. Ke2 Kd6 29. Kd2 Kc5 30. Kc3 a5 31. a3 Bc6 32. g4 Bf3 33. g5 hxg5 34. hxg5 Bg4 35. b4+ axb4+ 36. axb4+ Kc6 37. Kd4 Kd6 38. Kc4 Bf3 39. Kb5 Kc7 40. Ka6 Bb7+ 41. Ka7 Bc6 42. e4 Bd7 43. e5 Bc6 44. Bc4 Bd7 45. Ka6 Bc6 46. Ka7 Bd7 47. Ba6 Bc6 48. Bc4 1/2-1/2


[Site "https://www.chess.com"]

[Event "Titled Tuesday Blitz November 29 Early 2022"]
[White "Guliev, Logman"]
[Black "Remizov, Yaroslav"]
[WhiteFideId "13400061"]
[BlackFideId "34134015"]
[WhiteElo "2161"]
[BlackElo "2414"]
[Result "0-1"]
[Round "01"]
[TimeControl "180+1"]
[Date "2022.11.30"]
[WhiteClock "0:00:18"]
[BlackClock "0:00:19"]

1. e4 e6 2. d4 d5 3. Nd2 dxe4 4. Nxe4 Nd7 5. Nf3 Ngf6 6. Nxf6+ Nxf6 7. Bd3 b6 8. Bb5+ Bd7 9. Bxd7+ Qxd7 10. O-O Bd6 11. h3 O-O 12. Bg5 Ne4 13. Be3 Qb5 14. Qc1 Rad8 15. c4 Qf5 16. a3 c5 17. b4 cxb4 18. axb4 Bxb4 19. Rxa7 Rc8 20. Ne5 Nf6 21. Bg5 b5 22. Bxf6 Qxf6 23. Qb2 Bd6 24. Nd7 Qe7 25. Qxb5 Rfd8 26. c5 Bf4 27. Rb7 Qg5 28. c6 Qxb5 29. Rxb5 Rxc6 30. g3 Rxd7 31. gxf4 g6 32. Rd1 Rcd6 33. Rb4 Kg7 34. Kg2 Kf6 35. Kf3 Kf5 36. Ke3 Rd5 37. Rb6 Ra7 38. Rd3 h5 39. Rb7 Rxb7 0-1


[Site "https://www.chess.com"]

[Event "Titled Tuesday Blitz November 29 Early 2022"]
[White "Hakobyan, Aram"]
[Black "Zatonskih, Anna"]
[WhiteFideId "13306677"]
[BlackFideId "14101572"]
[WhiteElo "2563"]
[BlackElo "2362"]
[Result "1-0"]
[Round "01"]
[TimeControl "180+1"]
[Date "2022.11.30"]
[WhiteClock "0:00:40"]
[BlackClock "0:00:03"]

1. Nf3 d5 2. b3 Nf6 3. Bb2 g6 4. c4 c6 5. g3 Bg7 6. Bg2 O-O 7. O-O a5 8. Nc3 d4 9. Na4 Nh5 10. e3 e5 11. exd4 exd4 12. Re1 Na6 13. c5 Nb4 14. Re4 Bf5 15. Rxd4 Bxd4 16. Nxd4 Ng7 17. Nb6 Nd3 18. Bc3 Rb8 19. Na4 Re8 20. Bf1 Re1 21. Qf3 Qe7 22. Nxf5 Nxf5 23. Qxd3 Rxa1 24. Bxa1 1-0


[Site "https://www.chess.com"]

[Event "Titled Tuesday Blitz November 29 Early 2022"]
[White "Hambleton, Aman"]
[Black "Havas, Ladislav"]
[WhiteFideId "2606577"]
[BlackFideId "14501090"]
[WhiteElo "2538"]
[BlackElo "2199"]
[Result "1-0"]
[Round "01"]
[TimeControl "180+1"]
[Date "2022.11.30"]
[WhiteClock "0:00:08"]
[BlackClock "0:01:16"]

1. d4 Nf6 2. Bf4 c5 3. e3 d5 4. c3 Nc6 5. Nd2 Qb6 6. Qb3 c4 7. Qc2 Bg4 8. e4 e6 9. Ne2 Be7 10. Ng3 dxe4 11. Nxc4 Qd8 12. Nxe4 O-O 13. Bd3 h6 14. h3 Bf5 15. Nxf6+ Bxf6 16. Bxf5 exf5 17. Qxf5 Re8+ 18. Be3 Nxd4 19. cxd4 Qxd4 20. Rc1 g6 21. Qg4 Qd3 22. Qd1 Qe4 23. O-O Rad8 24. Qf3 Qe7 25. a4 b6 26. Bxh6 Qb4 27. b3 Bh8 28. Be3 Rd3 29. h4 Qxb3 30. h5 g5 31. h6 f6 32. Qf5 Kf7 33. Qh7+ Ke6 34. Qe4+ Kf7 35. Qb7+ Re7 36. Qa8 Re8 37. Qb7+ Re7 38. Qb8 Re8 39. Nd6+ Rxd6 40. Qxd6 Kg6 41. Rc7 Kxh6 42. Rd7 Qxa4 43. Qd3 Qe4 44. Qxe4 Rxe4 45. Rxa7 b5 46. Rb7 b4 47. Rb1 f5 48. R7xb4 Re5 49. Rb6+ Kh5 50. g3 f4 51. gxf4 gxf4 52. Bxf4 Rf5 53. R1b5 Rxb5 54. Rxb5+ Kg4 55. Be5 Bxe5 56. Rxe5 1-0


[Site "https://www.chess.com"]

[Event "Titled Tuesday Blitz November 29 Early 2022"]
[White "Hansen, Eric"]
[Black "Andreev, Konstantin"]
[WhiteFideId "2606771"]
[BlackFideId "24239305"]
[WhiteElo "2568"]
[BlackElo "2106"]
[Result "1-0"]
[Round "01"]
[TimeControl "180+1"]
[Date "2022.11.30"]
[WhiteClock "0:00:04"]
[BlackClock "0:00:03"]

1. d4 Nf6 2. Nf3 d5 3. c4 e6 4. Bg5 Be7 5. Nc3 h6 6. Bh4 dxc4 7. e3 O-O 8. Bxc4 a6 9. Be2 b6 10. Ne5 Bb7 11. Bf3 Nd5 12. Bxd5 exd5 13. Bg3 Nd7 14. Rc1 Nxe5 15. Bxe5 Bd6 16. O-O Re8 17. Bxd6 Qxd6 18. Qf3 Rad8 19. Rc2 Re6 20. Rfc1 c5 21. dxc5 bxc5 22. Na4 c4 23. Qg3 Qb4 24. Qc7 Rc8 25. Qd7 d4 26. b3 d3 27. Rc3 Rd6 28. Qh3 d2 29. Rd1 cxb3 30. Rxc8+ Bxc8 31. Qxc8+ Kh7 32. axb3 Qxb3 33. Nc3 a5 34. g4 a4 35. Qf5+ g6 36. Qc5 Rd7 37. Kg2 Rd3 38. Ne4 Qxd1 39. Nf6+ Kg7 40. Ne8+ Kg8 41. Nf6+ Kg7 42. Ne8+ Kg8 43. Nf6+ 1-0


[Site "https://www.chess.com"]

[Event "Titled Tuesday Blitz November 29 Early 2022"]
[White "Hnydiuk, Aleksander"]
[Black "Lenderman, Aleksandr"]
[WhiteFideId "1109057"]
[BlackFideId "2021285"]
[WhiteElo "2374"]
[BlackElo "2607"]
[Result "0-1"]
[Round "01"]
[TimeControl "180+1"]
[Date "2022.11.30"]
[WhiteClock "0:00:06"]
[BlackClock "0:00:48"]

1. e4 d6 2. d4 Nf6 3. f3 e6 4. Be3 c5 5. dxc5 d5 6. Nc3 Qa5 7. Qd2 dxe4 8. Nb5 Qxd2+ 9. Kxd2 Na6 10. Rd1 exf3 11. Kc1 Ng4 12. Bd4 Bxc5 13. Nxf3 Ne3 14. Rd3 Nxf1 15. Rxf1 O-O 16. Nc7 Bxd4 17. Nxa8 Bf6 18. Rfd1 b6 19. Rb3 Bb7 20. Nxb6 axb6 21. Rxb6 Nc5 22. Rb5 Rc8 23. Ne5 h6 24. Nc4 Bxg2 25. Nd6 Rc6 26. Rb8+ Kh7 27. Ne8 Be5 28. Rbd8 Be4 29. Kb1 Na4 0-1


[Site "https://www.chess.com"]